TOP OF THE 1ST |
Balzac Rams batting - Pitching for Menlo Maniacs : RHP Thatcher Smith
|
Pitching: RHP Thatcher Smith
|
|
Batting: RHB Ron Glass
|
0-0: Ball 1-0: Ground out 1-3 (Groundball, 25)
|
Batting: RHB Shaun Puckett
|
0-0: Ball 1-0: Ball 2-0: Ball 3-0: Base on Balls
|
Batting: LHB José Román
|
0-0: Ball 1-0: Fly out, F8 (Flyball, 8LS)
|
Batting: RHB Paul Spencer
|
0-0: Ball 1-0: Ball 2-0: 2-RUN HOME RUN (Flyball, 7D), Distance : 396 ft
|
Batting: LHB John Horton
|
0-0: Ball 1-0: DOUBLE (Line Drive, 3L)
|
Batting: RHB Jeremy Flemming
|
0-0: Ball 1-0: Ball 2-0: Called Strike 2-1: Fly out, F9 (Line Drive, 9M)
|
Top of the 1st over - 2 run(s), 2 hit(s), 0 error(s), 1 left on base; Balzac 2 - Menlo 0 |
BOTTOM OF THE 1ST |
Menlo Maniacs batting - Pitching for Balzac Rams : LHP Juan Jiménez
|
Pitching: LHP Juan Jiménez
|
|
Batting: RHB Robert Downing
|
0-0: Ball 1-0: Swinging Strike 1-1: Ball 2-1: Foul Ball, location: 2F 2-2: Ball 3-2: Strikes out swinging
|
Batting: RHB Steve Sampson
|
0-0: Ball 1-0: Ball 2-0: Called Strike 2-1: Called Strike 2-2: Strikes out swinging
|
Batting: LHB Marcos Pérez
|
0-0: Ball 1-0: Called Strike 1-1: Swinging Strike 1-2: SINGLE (Flyball, 6MD)
|
Batting: RHB Daryl Floyd
|
0-0: Ball 1-0: Ball 2-0: Ball 3-0: Base on Balls Marcos Pérez to second
|
Batting: LHB Arthur Hall
|
0-0: Ball 1-0: Foul Ball, location: 2F 1-1: Ball 2-1: Ball 3-1: Base on Balls Marcos Pérez to third Daryl Floyd to second
|
Batting: RHB Júlio Trinidad
|
0-0: Ball 1-0: Foul Ball, location: 2F 1-1: Reached on error, E6 (Groundball, 6M) Marcos Pérez scores Daryl Floyd to third Arthur Hall to second
|
Batting: LHB Paul Alexander
|
0-0: Called Strike 0-1: Swinging Strike 0-2: Foul Ball, location: 2F 0-2: Ball 1-2: Strikes out swinging
|
Bottom of the 1st over - 1 run(s), 1 hit(s), 1 error(s), 3 left on base; Balzac 2 - Menlo 1 |
TOP OF THE 2ND |
Balzac Rams batting - Pitching for Menlo Maniacs : RHP Thatcher Smith
|
Batting: RHB Luis Suárez
|
0-0: Ball 1-0: Called Strike 1-1: Swinging Strike 1-2: Strikes out looking
|
Batting: RHB Manuel Pérez
|
0-0: Called Strike 0-1: Ball 1-1: Foul Ball, location: 2F 1-2: Strikes out swinging
|
Batting: RHB Brian Parks
|
0-0: Swinging Strike 0-1: Ball 1-1: Swinging Strike 1-2: Strikes out swinging
|
Top of the 2nd over - 0 run(s), 0 hit(s), 0 error(s), 0 left on base; Balzac 2 - Menlo 1 |
BOTTOM OF THE 2ND |
Menlo Maniacs batting - Pitching for Balzac Rams : LHP Juan Jiménez
|
Batting: RHB Jesús Cuevas
|
0-0: Ball 1-0: Foul Ball, location: 2F 1-1: Ball 2-1: Ground out 5-3 (Groundball, 56)
|
Batting: RHB Gilberto León
|
0-0: Foul Ball, location: 2F 0-1: Ball 1-1: Foul Ball, location: 2F 1-2: Fly out, F4 (Popup, 3DF)
|
Batting: RHB Robert Downing
|
0-0: Called Strike 0-1: Foul Ball, location: 2F 0-2: Foul Ball, location: 2F 0-2: Fly out, F4 (Popup, 4MD)
|
Bottom of the 2nd over - 0 run(s), 0 hit(s), 0 error(s), 0 left on base; Balzac 2 - Menlo 1 |
TOP OF THE 3RD |
Balzac Rams batting - Pitching for Menlo Maniacs : RHP Thatcher Smith
|
Batting: RHB Ron Glass
|
0-0: SINGLE (Line Drive, 6M)
|
Batting: RHB Shaun Puckett
|
0-0: Called Strike 0-1: Swinging Strike 0-2: Ball 1-2: Strikes out swinging
|
Batting: LHB José Román
|
0-0: Fly out, F7 (Flyball, 7M)
|
Batting: RHB Paul Spencer
|
0-0: Ball 1-0: Fly out, F3 (Popup, 3F)
|
Top of the 3rd over - 0 run(s), 1 hit(s), 0 error(s), 1 left on base; Balzac 2 - Menlo 1 |
BOTTOM OF THE 3RD |
Menlo Maniacs batting - Pitching for Balzac Rams : LHP Juan Jiménez
|
Batting: RHB Steve Sampson
|
0-0: Called Strike 0-1: Ball 1-1: Swinging Strike 1-2: Ball 2-2: Foul Ball, location: 2F 2-2: Fly out, F9 (Flyball, 9M)
|
Batting: LHB Marcos Pérez
|
0-0: Ball 1-0: Ball 2-0: Called Strike 2-1: Called Strike 2-2: Ball 3-2: Base on Balls
|
Batting: RHB Daryl Floyd
|
0-0: Ball 1-0: Grounds into double play, 5-4-3 (Groundball, 56)
|
Bottom of the 3rd over - 0 run(s), 0 hit(s), 0 error(s), 0 left on base; Balzac 2 - Menlo 1 |
TOP OF THE 4TH |
Balzac Rams batting - Pitching for Menlo Maniacs : RHP Thatcher Smith
|
Batting: LHB John Horton
|
0-0: Foul Ball, location: 2F 0-1: DOUBLE (Line Drive, 7LM)
|
Batting: RHB Jeremy Flemming
|
0-0: Ball 1-0: Swinging Strike 1-1: Foul Ball, location: 2F 1-2: Fly out, F9 (Flyball, 8RD) Runner from 2nd tags up, SAFE at 3rd, no throw
|
Batting: RHB Luis Suárez
|
0-0: Ball Wild Pitch! John Horton scores 1-0: Ground out 6-3 (Groundball, 6)
|
Batting: RHB Manuel Pérez
|
0-0: Ball 1-0: Called Strike 1-1: Swinging Strike 1-2: Strikes out swinging
|
Top of the 4th over - 1 run(s), 1 hit(s), 0 error(s), 0 left on base; Balzac 3 - Menlo 1 |
BOTTOM OF THE 4TH |
Menlo Maniacs batting - Pitching for Balzac Rams : LHP Juan Jiménez
|
Batting: LHB Arthur Hall
|
0-0: Called Strike 0-1: Ball 1-1: Ground out 4-3 (Groundball, 4)
|
Batting: RHB Júlio Trinidad
|
0-0: Ball 1-0: Ball 2-0: Called Strike 2-1: Foul Ball, location: 2F 2-2: Ground out 6-3 (Groundball, 6)
|
Batting: LHB Paul Alexander
|
0-0: Foul Ball, location: 2F 0-1: Ball 1-1: Fly out, F3 (Popup, 3SF)
|
Bottom of the 4th over - 0 run(s), 0 hit(s), 0 error(s), 0 left on base; Balzac 3 - Menlo 1 |
TOP OF THE 5TH |
Balzac Rams batting - Pitching for Menlo Maniacs : RHP Thatcher Smith
|
Batting: RHB Brian Parks
|
0-0: SINGLE (Groundball, 56)
|
Batting: RHB Ron Glass
|
0-0: Ball 1-0: Ball 2-0: Called Strike 2-1: Swinging Strike 2-2: Ball 3-2: Strikes out looking Brian Parks steals 2nd base Batter strikes out.
|
Batting: RHB Shaun Puckett
|
0-0: Ball 1-0: Ground out 6-3 (Groundball, 6M) Brian Parks to third
|
Batting: LHB José Román
|
0-0: Ball 1-0: Ball 2-0: Foul Ball, location: 2F 2-1: Foul Ball, location: 2F 2-2: Foul Ball, location: 2F 2-2: Ball 3-2: Strikes out swinging
|
Top of the 5th over - 0 run(s), 1 hit(s), 0 error(s), 1 left on base; Balzac 3 - Menlo 1 |
BOTTOM OF THE 5TH |
Menlo Maniacs batting - Pitching for Balzac Rams : LHP Juan Jiménez
|
Batting: RHB Jesús Cuevas
|
0-0: Ball 1-0: SINGLE (Groundball, 56D)
|
Batting: RHB Gilberto León
|
0-0: Foul Ball, location: 2F 0-1: Ball 1-1: Ball 2-1: Grounds into double play, 6-4-3 (Groundball, 6M)
|
Batting: RHB Robert Downing
|
0-0: Ball 1-0: Ball 2-0: SINGLE (Groundball, 56D)
|
Batting: RHB Steve Sampson
|
0-0: Ball 1-0: Called Strike 1-1: Ball 2-1: Foul Ball, location: 2F 2-2: Foul Ball, location: 2F 2-2: Foul Ball, location: 2F 2-2: Ball 3-2: Base on Balls Robert Downing to second
|
Batting: LHB Marcos Pérez
|
0-0: Ground out 1-3 (Groundball, 13)
|
Bottom of the 5th over - 0 run(s), 2 hit(s), 0 error(s), 2 left on base; Balzac 3 - Menlo 1 |
TOP OF THE 6TH |
Balzac Rams batting - Pitching for Menlo Maniacs : RHP Thatcher Smith
|
Batting: RHB Paul Spencer
|
0-0: Called Strike 0-1: Ball 1-1: Ball 2-1: Foul Ball, location: 2F 2-2: Strikes out looking
|
Batting: LHB John Horton
|
0-0: Called Strike 0-1: Ball 1-1: Ball 2-1: Ball 3-1: Foul Ball, location: 2F 3-2: Strikes out looking
|
Batting: RHB Jeremy Flemming
|
0-0: Foul Ball, location: 2F 0-1: Swinging Strike 0-2: Ball 1-2: Strikes out swinging
|
Top of the 6th over - 0 run(s), 0 hit(s), 0 error(s), 0 left on base; Balzac 3 - Menlo 1 |
BOTTOM OF THE 6TH |
Menlo Maniacs batting - Pitching for Balzac Rams : LHP Juan Jiménez
|
Batting: RHB Daryl Floyd
|
0-0: Foul Ball, location: 2F 0-1: Ball 1-1: Ball 2-1: Ball 3-1: Base on Balls
|
Batting: LHB Arthur Hall
|
0-0: DOUBLE (Line Drive, 7LM) Daryl Floyd to third
|
Batting: RHB Júlio Trinidad
|
0-0: Ball 1-0: Swinging Strike 1-1: Called Strike 1-2: Ball 2-2: Ball 3-2: Base on Balls
|
Pitching: LHP Pedro Guerra
|
|
Batting: LHB Paul Alexander
|
0-0: Ball 1-0: Fielders Choice at 2nd, 4-6 (Groundball, 34) Daryl Floyd scores Arthur Hall to third
|
Batting: RHB Jesús Cuevas
|
0-0: Swinging Strike 0-1: Ball 1-1: Foul Ball, location: 2F 1-2: Ball Balk! Arthur Hall scores Paul Alexander to second 2-2: Ball 3-2: Intentional Walk
|
Batting: RHB Gilberto León
|
0-0: Foul Ball, location: 2F 0-1: Fly out, F9 (Line Drive, 9M)
|
Batting: RHB Robert Downing
|
0-0: Swinging Strike 0-1: Ball 1-1: Ground out 1-3 (Groundball, 23)
|
Bottom of the 6th over - 2 run(s), 1 hit(s), 0 error(s), 2 left on base; Balzac 3 - Menlo 3 |
TOP OF THE 7TH |
Balzac Rams batting - Pitching for Menlo Maniacs : RHP Thatcher Smith
|
Pinch Hitting: RHB Enrico Ramos
|
0-0: SINGLE (Line Drive, 4D)
|
Pitching: RHP Steve Poe
|
|
Pinch Hitting: LHB Daniel Carter
|
0-0: Ball 1-0: Called Strike 1-1: Ball 2-1: Foul Ball, location: 2F 2-2: Foul Ball, location: 2F 2-2: Ball 3-2: Base on Balls Enrico Ramos to second
|
Batting: RHB Brian Parks
|
0-0: Foul Ball, location: 2F 0-1: Called Strike 0-2: Strikes out swinging
|
Batting: RHB Ron Glass
|
0-0: Ball Enrico Ramos steals 3rd base Daniel Carter to second 1-0: Ball 2-0: Foul Ball, location: 2F 2-1: Ball 3-1: Foul Ball, location: 2F 3-2: Ground out 1-3 (Groundball, 15S)
|
Batting: RHB Shaun Puckett
|
0-0: Ball 1-0: Swinging Strike 1-1: Ball 2-1: Foul Ball, location: 2F 2-2: Fly out, F8 (Flyball, 8RM)
|
Top of the 7th over - 0 run(s), 1 hit(s), 0 error(s), 2 left on base; Balzac 3 - Menlo 3 |
BOTTOM OF THE 7TH |
Menlo Maniacs batting - Pitching for Balzac Rams : LHP Pedro Guerra
|
Now at SS: Enrico Ramos
|
|
Now in LF: Daniel Carter
|
|
Batting: RHB Steve Sampson
|
0-0: Swinging Strike 0-1: Foul Ball, location: 2F 0-2: Strikes out looking
|
Batting: LHB Marcos Pérez
|
0-0: Ball 1-0: Ball 2-0: Called Strike 2-1: Ball 3-1: Called Strike 3-2: Ground out 6-3 (Groundball, 6)
|
Batting: RHB Daryl Floyd
|
0-0: Ball 1-0: SINGLE (Groundball, 56)
|
Pitching: RHP José Cota
|
|
Batting: LHB Arthur Hall
|
0-0: Ball 1-0: Ball 2-0: Foul Ball, location: 2F 2-1: Foul Ball, location: 2F 2-2: Hit by Pitch Daryl Floyd to second
|
Pinch Hitting: LHB Jeff Tucker
|
0-0: Called Strike 0-1: Ball 1-1: Foul Ball, location: 2F 1-2: Fly out, F7 (Flyball, 78M)
|
Bottom of the 7th over - 0 run(s), 1 hit(s), 0 error(s), 2 left on base; Balzac 3 - Menlo 3 |
TOP OF THE 8TH |
Balzac Rams batting - Pitching for Menlo Maniacs : RHP Steve Poe
|
Now at 3B: Luis Ramírez
|
|
Batting: LHB José Román
|
0-0: Ball 1-0: Ball 2-0: Ball 3-0: Base on Balls
|
Pinch Runner at 1st Reynaldo Gallegos:
|
|
Batting: RHB Paul Spencer
|
0-0: Called Strike Reynaldo Gallegos steals 2nd base 0-1: Ball 1-1: Called Strike Reynaldo Gallegos is caught stealing 3rd base 1-2: Ball 2-2: Strikes out swinging
|
Batting: LHB John Horton
|
0-0: Ball 1-0: Swinging Strike 1-1: Swinging Strike 1-2: Strikes out swinging
|
Top of the 8th over - 0 run(s), 0 hit(s), 0 error(s), 0 left on base; Balzac 3 - Menlo 3 |
BOTTOM OF THE 8TH |
Menlo Maniacs batting - Pitching for Balzac Rams : RHP José Cota
|
Pitching: LHP Júlio Castillo
|
|
Now in CF: Reynaldo Gallegos
|
|
Pinch Hitting: RHB Bob Campbell
|
0-0: Called Strike 0-1: Ball 1-1: Ball 2-1: SINGLE (Line Drive, 56)
|
Pitching: LHP Nick Johnson
|
|
Batting: RHB Jesús Cuevas
|
0-0: Bunted foul 0-1: Bunted foul 0-2: Ground out 4-3 (Groundball, 4S) Bob Campbell to second
|
Batting: RHB Gilberto León
|
0-0: Reached on error, E5 (Groundball, 56) Bob Campbell scores
|
Batting: RHB Robert Downing
|
0-0: Called Strike 0-1: Ball 1-1: Swinging Strike 1-2: Foul Ball, location: 2F 1-2: Strikes out swinging
|
Batting: RHB Steve Sampson
|
0-0: Called Strike 0-1: SINGLE (Groundball, 4MD) Gilberto León to third Runner from 3rd tries for Home, SAFE, no throw or cutoff
|
Batting: LHB Marcos Pérez
|
0-0: Called Strike 0-1: Ball 1-1: Called Strike 1-2: Hit by Pitch Steve Sampson to second
|
Batting: RHB Daryl Floyd
|
0-0: Foul Ball, location: 2F 0-1: Ball 1-1: Ball 2-1: Ball 3-1: Fly out, F4 (Popup, 4M)
|
Bottom of the 8th over - 2 run(s), 2 hit(s), 1 error(s), 2 left on base; Balzac 3 - Menlo 5 |
TOP OF THE 9TH |
Balzac Rams batting - Pitching for Menlo Maniacs : RHP Steve Poe
|
Pitching: RHP James Jones
|
|
Now in LF: Bob Campbell
|
|
Batting: RHB Jeremy Flemming
|
0-0: Ball 1-0: Ball 2-0: Called Strike 2-1: Fly out, F5 (Popup, 56)
|
Batting: RHB Enrico Ramos
|
0-0: Called Strike 0-1: SINGLE (Line Drive, 4D)
|
Batting: LHB Daniel Carter
|
0-0: Called Strike 0-1: Swinging Strike 0-2: Foul Ball, location: 2F 0-2: Strikes out swinging
|
Batting: RHB Brian Parks
|
0-0: Ball 1-0: Ball 2-0: Ball 3-0: Called Strike 3-1: Base on Balls Enrico Ramos to second
|
Batting: RHB Ron Glass
|
0-0: Ball 1-0: Ball 2-0: Foul Ball, location: 2F 2-1: Ground out 5-3 (Groundball, 5S)
|
Top of the 9th over - 0 run(s), 1 hit(s), 0 error(s), 2 left on base; Balzac 3 - Menlo 5 |
|